 Dungeon Crawl Stone Soup version 0.22-a0-772-gac08f70 (webtiles) character file.

253 inmateoo the Skirmisher (level 5, -2/44 HPs)
             Began as a Demonspawn Wanderer on July 17, 2018.
             Killed by divine providence
             ... invoked by an orc priest
              (9 damage)
             ... on level 3 of the Dungeon.
             The game lasted 00:02:58 (2141 turns).

inmateoo the Skirmisher (Demonspawn Wanderer)       Turns: 2141, Time: 00:02:59

Health: -2/44      AC:  5    Str: 12    XL:     5   Next: 90%
Magic:  5/5        EV:  7    Int: 16    God:
Gold:   99         SH:  7    Dex: 11    Spells: 4/4 levels left

rFire    . . .     SeeInvis .     - Unarmed
rCold    . . .     Gourm    .   a - +0 shield
rNeg     . . .     Faith    .   h - +0 ring mail
rPois    .         Spirit   .   (no helmet)
rElec    .         Reflect  .   (no cloak)
rCorr    .         Harm     .   (no gloves)
MR       .....                  (no boots)
Stlth    +.........             (no amulet)
HPRegen  0.14/turn              (no ring)
MPRegen  0.09/turn              (no ring)

@: no status effects
A: claws 2, powered by pain 2
a: no special abilities


You were on level 3 of the Dungeon.
You were not hungry.

You visited 1 branch of the dungeon, and saw 3 of its levels.

You collected 99 gold pieces.

Inventory:

Armour
 a - a +0 shield (worn)
 h - a +0 ring mail (worn)
Jewellery
 j - an uncursed amulet of the acrobat {unknown}
Scrolls
 d - a scroll of teleportation
 e - 4 scrolls of magic mapping
 n - 2 scrolls of remove curse
Potions
 c - 2 potions of curing
 g - 2 potions of berserk rage
 i - a potion of flight
 k - a potion of haste
 l - a potion of cancellation
 m - a potion of might
Comestibles
 b - 5 chunks of flesh
 f - 8 rations


   Skills:
 - Level 5.0 Fighting
 - Level 1.0 Throwing
 + Level 2.3 Armour
 - Level 1.0 Dodging
 - Level 1.0 Shields
 * Level 5.0 Unarmed Combat


You had 4 spell levels left.
You didn't know any spells.
Your spell library was empty.

Dungeon Overview and Level Annotations

Branches:
Dungeon (3/15)

Altars:


Innate Abilities, Weirdness & Mutations

You have very sharp fingernails.
You sometimes gain power by taking damage.


Message History

The orc wizard seems to speed up.
There are monsters nearby!
There are monsters nearby!
There are monsters nearby!
You scratch the orc.
The orc is moderately wounded.
The orc wizard gestures at you while chanting.
The puff of flame hits you! The orc hits you with a club.
You are too injured to fight recklessly!
An orc priest comes into view. It is wielding a mace.
The orc priest shouts!
Things that are here:
a dagger; an orc corpse You block the orc wizard's attack.
The orc priest hits you with a mace. The orc wizard casts a spell at you.
The puff of frost hits you!
* * * LOW HITPOINT WARNING * * *
The orc priest mumbles some strange prayers to Beogh against you.
Beogh smites you!
You die...

#.######......#.....##..#
#.?....).o........####..#
#####.###.....#.######..#
###.# #.##............#
#..o###.......######<..
#.##oo.##...#.# #### #.
##.##......# # #
#o#.......# # #.@.......
# #......... #
#.........####### #
##.##...........### #.#
#.##.......... ..#
###.......... .##
######.### . ###.###
###......


You could see an orc priest, 2 orc wizards and an orc.

Vanquished Creatures
  Sigmund (D:2)
  4 adders
  2 oozes
  An orc (D:3)
  9 bats
  2 giant cockroaches
  6 goblins
  6 hobgoblins
  2 jackals (D:1)
  4 kobolds
  2 ball pythons
  3 frilled lizards (D:1)
  6 rats
48 creatures vanquished.

Notes
Turn   | Place    | Note
-------+----------+-------------------------------------------
     0 | D:1      | inmateoo the Demonspawn Wanderer began the quest for the Orb.
     0 | D:1      | inmateoo set off with: a +0 shield, a potion of lignification, a potion of curing, a +0 robe, a +0 club, a ration
     0 | D:1      | Reached XP level 1. HP: 21/21 MP: 1/1
   220 | D:1      | Gained mutation: You have sharp fingernails. [demonic ancestry]
   220 | D:1      | Reached XP level 2. HP: 25/27 MP: 2/2
   858 | D:1      | Gained mutation: You have very sharp fingernails. [demonic ancestry]
   858 | D:1      | Reached XP level 3. HP: 30/33 MP: 3/3
  1401 | D:2      | Noticed Sigmund
  1421 | D:2      | Killed Sigmund
  1421 | D:2      | Gained mutation: You sometimes gain a little power by taking damage. [demonic ancestry]
  1421 | D:2      | Reached XP level 4. HP: 10/39 MP: 4/4
  1421 | D:2      | Gained mutation: You sometimes gain power by taking damage. [demonic ancestry]
  1421 | D:2      | Reached XP level 5. HP: 11/44 MP: 5/5
  1992 | D:3      | Reached skill level 5 in Unarmed Combat
  2141 | D:3      | Killed from afar by an orc priest

Vault maps used:
D:1:      dpeg_arrival_short_road, grunt_decor_mini_mirrors
D:2:      nicolae_underground_beach, uniq_sigmund
D:3:      nicolae_overflow_hidden_temple, lemuel_doored_altar, minmay_checkerbox

Skill      XL: |  1  2  3  4  5 |
---------------+----------------+-----
Unarmed Combat | 2 3 4 5 |  5.0
Armour         | 2 |  2.3
Fighting       | |  5.0
Throwing       | |  1.0
Dodging        | |  1.0
Shields        | |  1.0

Action                   |  1- 3 |  4- 6 || total
-------------------------+-------+-------++-------
Melee: Unarmed           |   143 |    61 ||   204
  Use: Scroll            |    10 |     1 ||    11
       Potion            |     1 |       ||     1
  Eat: Chunk             |     2 |     2 ||     4
Armor: Robe              |    24 |       ||    24
       Ring mail         |     7 |    33 ||    40
Dodge: Dodged            |    61 |    13 ||    74
Block: Shield            |    45 |    20 ||    65

Table legend:
 A = Spawn XP
 B = Non-spawn XP
 C = Spawn XP percentage of total XP
 D = Spawn monster count
 E = Non-spawn monster count
 F = Spawn count percentage of total count
 G = Total turns spent on level
                    A         B        C        D         E        F      G
               +---------+---------+-------+---------+---------+-------+---------
         Total |       0 |     362 |   0.0 |       0 |      48 |   0.0 |  2141
               +---------+---------+-------+---------+---------+-------+---------
           D:1 |       0 |      42 |   0.0 |       0 |      24 |   0.0 |  1127
           D:2 |       0 |     278 |   0.0 |       0 |      16 |   0.0 |   826
           D:3 |       0 |      42 |   0.0 |       0 |       8 |   0.0 |   188
               +---------+---------+-------+---------+---------+-------+---------
